 Dungeon Crawl Stone Soup version 0.28-a0-1199-gef9e1dbd39 (webtiles) character file.

Game seed: 4173726241203566726

53 enile the Stinger (level 3, 0/21 HPs)
             Began as a Tengu Venom Mage on Dec 20, 2021.
             Slain by a hobgoblin (3 damage)
             ... on level 2 of the Dungeon.
             The game lasted 00:03:17 (1604 turns).

enile the Stinger (Tengu Venom Mage)                Turns: 1604, Time: 00:03:18

Health: 0/21       AC:  2    Str: 10    XL:     3   Next: 89%
Magic:  3/7        EV: 13    Int: 15    God:
Gold:   12         SH:  0    Dex: 14    Spells: 5/6 levels left

rFire   . . .      SeeInvis .     - Unarmed
rCold   . . .      Faith    .   (no shield)
rNeg    . . .      Spirit   .   a - +0 robe
rPois   .          Reflect  .   (helmet restricted)
rElec   .          Harm     .   (no cloak)
rCorr   .          Rampage  .   (no gloves)
Will    .....                   (boots unavailable)
Stlth   ++........              (no amulet)
HPRegen 0.07/turn               (no ring)
MPRegen 0.10/turn               (no ring)

@: attractive
A: beak, talons 3
a: no special abilities


You were on level 2 of the Dungeon.
You visited 1 branch of the dungeon, and saw 2 of its levels.

You collected 12 gold pieces.

Inventory:

Missiles
 c - 76 stones (quivered)
Armour
 a - a +0 robe (worn)
 b - a +0 chain mail


   Skills:
 - Level 2.0 Fighting
 + Level 0.0 Throwing
 - Level 3.0 Dodging
 - Level 2.0 Stealth
 - Level 2.0 Unarmed Combat
 - Level 2.0 Spellcasting
 - Level 0.7 Transmutations
 - Level 3.0 Poison Magic


You had 5 spell levels left.
You knew the following spells:

 Your Spells              Type           Power      Damage    Failure   Level
a - Sting                 Tmut/Pois      28%        1d4       11%         1

Your spell library contained the following spells:

 Spells                   Type           Power      Damage    Failure   Level
 Poisonous Vapours        Pois/Air       12%        N/A       19%         2
 Mephitic Cloud           Conj/Pois/Air  4%         N/A       41%         3
 Olgreb's Toxic Radiance  Pois           10%        N/A       54%         4


Dungeon Overview and Level Annotations

Branches:
Dungeon (2/15)

Altars:


Innate Abilities, Weirdness & Mutations

You have a beak for a mouth.
You have claws for feet.


Message History

Confirm with . or Enter, or press ? or * to list all spells.
Aiming: Sting (safe; 11% risk of failure)
Press: ? - help, Shift-Dir - straight line, f - jackal
Aim: a jackal (60% to hit)
The sting hits the jackal.
The jackal is poisoned.
The jackal is moderately wounded.
The jackal barely misses you.
Unknown command.
A hobgoblin comes into view.
Found an escape hatch in the ceiling.
The jackal closely misses you. The hobgoblin is attracted toward you.
The hobgoblin is attracted toward you.
Casting: Sting (safe; 11% risk of failure)
Confirm with . or Enter, or press ? or * to list all spells.
Aiming: Sting (safe; 11% risk of failure)
Press: ? - help, Shift-Dir - straight line, f/p - jackal
Aim: a jackal (heavily wounded, poisoned, 60% to hit)
The sting misses the jackal.
The hobgoblin shouts!
The jackal barely misses you. The jackal closely misses you.
The hobgoblin misses you.
You hit the jackal.
You kill the jackal!
A quokka comes into view.
The hobgoblin misses you. The quokka is attracted toward you.
Training target 2.0 for Unarmed Combat reached!
Your Unarmed Combat skill increases to level 2!
You need to enable at least one skill for training.
You hit the jackal but do no damage. You claw the jackal, but do no damage.
The jackal bites you but does no damage.
The jackal completely misses you.
You hit the jackal.
The jackal is moderately wounded.
The hobgoblin hits you but does no damage.
The jackal barely misses you.
You hit the jackal but do no damage. Your kick misses the jackal.
Your peck misses the jackal.
The jackal is moderately wounded.
The hobgoblin hits you.
You die...

#.##.#........####.#....###.#.#.#
.†...............................
#.####........##.#......).....#
#.# #........##†###########..#
..# #........##.# # ..#
####....###.# ..# ###### #.# ..#
#h# ..# #@# #g# .r. #.... ......
........ ...<..... ###.......#


You could see a quokka, a jackal and a hobgoblin.

Vanquished Creatures
  Jessica (D:2)
  An adder (D:2)
  2 ball pythons (D:1)
  A goblin (D:1)
  3 hobgoblins
  2 jackals (D:2)
  A kobold (D:1)
  3 quokkas (D:1)
  3 frilled lizards (D:1)
  A rat (D:1)
18 creatures vanquished.

Vanquished Creatures (others)
  A fungus (D:2)
  6 plants (D:2)
7 creatures vanquished.

Grand Total: 25 creatures vanquished

Notes
Turn   | Place    | Note
-------+----------+-------------------------------------------
     0 | D:1      | enile the Tengu Venom Mage began the quest for the Orb.
     0 | D:1      | Reached XP level 1. HP: 10/10 MP: 4/4
   118 | D:1      | Reached skill level 1 in Fighting
   427 | D:1      | Reached skill level 1 in Unarmed Combat
   427 | D:1      | Reached XP level 2. HP: 16/16 MP: 1/6
  1401 | D:2      | Reached XP level 3. HP: 12/21 MP: 4/7
  1569 | D:2      | Noticed Jessica
  1580 | D:2      | Killed Jessica
  1604 | D:2      | Slain by a hobgoblin

Illustrated notes

Levels and vault maps discovered:
D:1:      lightli_arrival_isolated_outpost, layout_basic,
          hangedman_abyss_or_decor_lesser_grid, minmay_statues_item,
          st_stairs_7, hangedman_decor_diamond_cutter, minmay_split_cup_small
D:2:      layout_basic, shapermc_ecumenical_altar_hornbeckon, uniq_jessica,
          uniq_sigmund, uniq_terence

Skill      XL: |  1  2  3 |
---------------+----------+-----
Fighting       | 1 2 |  2.0
Unarmed Combat | 1 2 |  2.0
Dodging        | 3 |  3.0
Stealth        | |  2.0
Spellcasting   | |  2.0
Transmutations | |  0.7
Poison Magic   | |  3.0

Action                   || total
-------------------------++-------
Melee: Unarmed           ||    17
       Kick              ||     4
       Peck              ||     2
Throw: Stone             ||     3
 Cast: Sting             ||    29
  Use: Potion            ||     1
Armor: Robe              ||     3
Dodge: Dodged            ||    25

Table legend: (Time is in decaauts)
 A = Elapsed time spent in this place.
 B = Non-inter-level travel time spent in this place.
 C = Inter-level travel time spent in this place.
 D = Time resting spent in this place.
 E = Time spent auto-exploring this place.
 F = Levels seen in this place.
 G = Mean time per level.
                   A        B        C        D        E       F      G
               +--------+--------+--------+--------+--------+-----+--------+
         Total |   1609 |   1452 |    157 |    123 |   1156 |   2 |  804.5 |
       Dungeon |   1609 |   1452 |    157 |    123 |   1156 |   2 |  804.5 |
               +--------+--------+--------+--------+--------+-----+--------+

Top non-repeatable levels by time:
     D:1: 1387 daAuts
     D:2: 222 daAuts
